 Dungeon Crawl Stone Soup version 0.27-a0-1188-g73eefd5def (webtiles) character file.

Game seed: 17100897779493391983

515 CougarLife the Insei (level 7, 0/52 HPs)
             Began as a Gnoll Transmuter on May 22, 2021.
             Was a Follower of Okawaru.
             Slain by a water moccasin (2 damage)
             ... on level 7 of the Dungeon.
             The game lasted 00:06:13 (5692 turns).

CougarLife the Insei (Gnoll Transmuter)             Turns: 5692, Time: 00:06:14

Health: 0/52       AC:  7    Str:  9    XL:     7   Next: 20%
Magic:  15/15      EV: 12    Int: 12    God:    Okawaru [*.....]
Gold:   179        SH:  0    Dex: 15    Spells: 14/17 levels left

rFire    + . .     SeeInvis .     - Unarmed
rCold    . . .     Faith    .   (no shield)
rNeg     . . .     Spirit   .   g - +2 ring mail {rF+}
rPois    .         Reflect  .   (helmet currently unavailable)
rElec    .         Harm     .   (no cloak)
rCorr    .         Rampage  .   (no gloves)
Will     .....                  (boots currently unavailable)
Stlth    +.........             (no amulet)
HPRegen  0.17/turn              (no ring)
MPRegen  0.14/turn              (no ring)

@: lethally poisoned (0 -> -20), appendages (expiring)
A: horns 2, talons 2, fangs 1, strong nose, distributed training
a: End Transformation, Renounce Religion, Heroism


You were on level 7 of the Dungeon.
You worshipped Okawaru.
Okawaru was aware of your devotion.
You had temporarily grown beastly horns and talons.
You visited 2 branches of the dungeon, and saw 8 of its levels.

You collected 179 gold pieces.

Inventory:

Missiles
 o - a curare-tipped dart
Armour
 g - a +2 ring mail of fire resistance (worn)
Jewellery
 q - a ring of protection from fire
Wands
 i - a wand of iceblast (8)
Scrolls
 b - 4 scrolls of identify {unknown}
 c - a scroll of magic mapping {unknown}
 e - 3 scrolls of enchant armour {unknown}
 f - a scroll of acquirement {unknown}
 k - a scroll of fear {unknown}
 l - a scroll of fog {unknown}
 p - a scroll of teleportation {unknown}
 s - a scroll of immolation {unknown}
Potions
 a - a potion of flight {unknown}
 d - 2 potions of magic {unknown}
 h - 2 potions of haste {unknown}
 j - a potion of lignification {unknown}
 m - a potion of resistance {unknown}
 n - a potion of curing {unknown}
 r - a potion of might {unknown}


   Skills:
 + Level 3.5 Fighting
 + Level 2.3 Short Blades
 + Level 2.3 Long Blades
 + Level 2.3 Axes
 + Level 2.3 Maces & Flails
 + Level 2.3 Polearms
 + Level 2.3 Staves
 + Level 2.3 Slings
 + Level 2.3 Bows
 + Level 2.3 Crossbows
 + Level 2.3 Throwing
 + Level 2.3 Armour
 + Level 5.1 Dodging
 + Level 2.3 Stealth
 + Level 2.3 Shields
 + Level 7.0 Unarmed Combat
 + Level 5.5 Spellcasting
 + Level 1.9 Conjurations
 + Level 1.9 Hexes
 + Level 1.9 Summonings
 + Level 1.9 Necromancy
 + Level 1.9 Translocations
 + Level 4.2 Transmutations
 + Level 1.9 Fire Magic
 + Level 1.9 Ice Magic
 + Level 1.9 Air Magic
 + Level 1.9 Earth Magic
 + Level 1.9 Poison Magic
 + Level 2.5 Invocations
 + Level 2.3 Evocations


You had 14 spell levels left.
You knew the following spells:

 Your Spells              Type           Power      Damage    Failure   Level
a - Beastly Appendage     Tmut           26%        N/A       9%          1
b - Wereblood             Tmut           13%        N/A       13%         2

Your spell library contained the following spells:

 Spells                   Type           Power      Damage    Failure   Level
 Corona                   Hex            7%         N/A       24%         1
 Magic Dart               Conj           28%        1d4       24%         1
 Blink                    Tloc           N/A        N/A       34%         2
 Call Imp                 Summ           7%         N/A       34%         2
 Ensorcelled Hibernation  Hex/Ice        14%        N/A       34%         2
 Slow                     Hex            7%         N/A       34%         2
 Spider Form              Tmut/Pois      5%         N/A       41%         3
 Confusing Touch          Hex            7%         N/A       56%         3
 Conjure Flame            Conj/Fire      7%         6-21      56%         3
 Dazzling Flash           Conj/Hex       14%        N/A       56%         3
 Mephitic Cloud           Conj/Pois/Air  7%         N/A       56%         3
 Tukima's Dance           Hex            7%         N/A       56%         3
 Ice Form                 Ice/Tmut       10%        N/A       82%         4
 Hydra Form               Tmut           6%         N/A       94%         5


Dungeon Overview and Level Annotations

Branches:
Dungeon (8/15)             Temple (1/1) D:4
   Lair: D:8-11

Altars:
Ashenzari
Dithmenos
Elyvilon
Fedhas
Gozag
Hepliaklqana
Makhleb
Okawaru
Qazlal
Ru
Sif Muna
Trog
Vehumet
Wu Jian
Xom
Yredelemnul
Zin
The Shining One

Annotations:
D:5 1 runed translucent door, Crazy Yiuf


Innate Abilities, Weirdness & Mutations

You have temporarily grown beastly horns and talons.
You have very sharp teeth.
Your uncanny sense of smell can sniff out nearby items.
Your experience applies equally to all skills.


Message History

The water moccasin is moderately wounded.
You feel sick. The water moccasin bites you.
You are too injured to fight recklessly!
You closely miss the water moccasin.
The water moccasin is moderately wounded.
You feel sick.
The water moccasin bites you but does no damage. x2
You miss the water moccasin.
The water moccasin is moderately wounded.
You feel sick. The water moccasin bites you.
You are more poisoned.
The water moccasin poisons you!
A black bear comes into view.
You hit the water moccasin.
The water moccasin is heavily wounded.
You feel very sick.
The water moccasin bites you but does no damage.
You miss the water moccasin. You claw the water moccasin.
The water moccasin is heavily wounded.
You feel sick. The water moccasin closely misses you.
You hit the water moccasin. You claw the water moccasin.
The water moccasin is severely wounded.
You feel sick. The water moccasin barely misses you.
You punch the water moccasin!
You claw the water moccasin, but do no damage.
You bite the water moccasin, but do no damage.
The water moccasin is almost dead.
You feel sick. The water moccasin bites you.
* * * LOW HITPOINT WARNING * * *
You are more poisoned.
The water moccasin poisons you!
Unknown command.
You hit the water moccasin.
Your headbutt misses the water moccasin.
The water moccasin is almost dead.
Your transformation is almost over.
* * * LOW HITPOINT WARNING * * *
You feel very sick. The water moccasin bites you.
You die...

#.....# .......##
........# ........#
........# ........#
...h....###
.......@..#######
.......S#.......########
........#######.........
......... ##########
......... ........#. ∆
.......### ∆ ....... .
..


You could see a water moccasin and a black bear.

Vanquished Creatures
  An orc warrior (D:8)
  An ogre (D:5)
  A centaur (D:5)
  A kobold brigand (D:5)
  Ijyb (D:3)
  An iguana (D:4)
  An orc wizard (D:5)
  A howler monkey zombie (D:5)
  3 adders
  4 dart slugs (D:1)
  12 orcs
  4 ball pythons
  3 endoplasms
  6 giant cockroaches
  4 goblins
  4 hobgoblins
  6 jackals (D:1)
  A bat (D:3)
  A frilled lizard (D:2)
  7 kobolds
  6 rats
69 creatures vanquished.

Vanquished Creatures (others)
  9 plants (D:3)
9 creatures vanquished.

Grand Total: 78 creatures vanquished

Notes
Turn   | Place    | Note
-------+----------+-------------------------------------------
     0 | D:1      | CougarLife the Gnoll Transmuter began the quest for the
                  | Orb.
     0 | D:1      | Reached XP level 1. HP: 17/17 MP: 6/6
   208 | D:1      | Reached XP level 2. HP: 22/23 MP: 5/7
   227 | D:1      | Learned a level 2 spell: Wereblood
   526 | D:1      | Found a faded altar of an unknown god.
   754 | D:1      | Reached skill level 5 in Spellcasting
   754 | D:1      | Reached XP level 3. HP: 28/28 MP: 6/9
  1411 | D:2      | Reached skill level 1 in Invocations
  1962 | D:2      | Reached skill level 1 in Short Blades
  1962 | D:2      | Reached skill level 1 in Long Blades
  1962 | D:2      | Reached skill level 1 in Axes
  1962 | D:2      | Reached skill level 1 in Maces & Flails
  1962 | D:2      | Reached skill level 1 in Polearms
  1962 | D:2      | Reached skill level 1 in Staves
  1962 | D:2      | Reached skill level 1 in Slings
  1962 | D:2      | Reached skill level 1 in Bows
  1962 | D:2      | Reached skill level 1 in Crossbows
  1962 | D:2      | Reached skill level 1 in Throwing
  1962 | D:2      | Reached skill level 1 in Armour
  1962 | D:2      | Reached skill level 1 in Stealth
  1962 | D:2      | Reached skill level 1 in Shields
  1962 | D:2      | Reached skill level 1 in Evocations
  2046 | D:3      | Reached XP level 4. HP: 13/34 MP: 9/11
  2591 | D:3      | Found a burning altar of Makhleb.
  2662 | D:3      | Noticed Ijyb
  2689 | D:3      | Killed Ijyb
  2690 | D:3      | Reached skill level 1 in Conjurations
  2690 | D:3      | Reached skill level 1 in Hexes
  2690 | D:3      | Reached skill level 1 in Summonings
  2690 | D:3      | Reached skill level 1 in Necromancy
  2690 | D:3      | Reached skill level 1 in Translocations
  2690 | D:3      | Reached skill level 1 in Fire Magic
  2690 | D:3      | Reached skill level 1 in Ice Magic
  2690 | D:3      | Reached skill level 1 in Air Magic
  2690 | D:3      | Reached skill level 1 in Earth Magic
  2690 | D:3      | Reached skill level 1 in Poison Magic
  3523 | D:4      | Found a staircase to the Ecumenical Temple.
  3529 | Temple   | Entered the Ecumenical Temple
  3574 | Temple   | Became a worshipper of Warmaster Okawaru
  4136 | D:4      | Reached XP level 5. HP: 40/40 MP: 10/12
  4321 | D:5      | Entered Level 5 of the Dungeon
  4429 | D:5      | Noticed a centaur
  4439 | D:5      | Killed a centaur
  4440 | D:5      | Reached XP level 6. HP: 5/47 MP: 11/13
  4835 | D:5      | Reached skill level 5 in Dodging
  5060 | D:5      | Reached * piety under Okawaru
  5183 | D:5      | Identified the +7 scale mail of Twilight {Harm Rampage
                  | Will- Dex-4}
  5186 | D:5      | Found a glowing golden altar of the Shining One.
  5285 | D:5      | Found a runed translucent door.
  5286 | D:5      | Noticed Crazy Yiuf
  5299 | D:5      | You fall into a shaft and drop 3 floors!
  5321 | D:8      | Noticed an orc warrior
  5341 | D:8      | Killed an orc warrior
  5342 | D:8      | Reached skill level 7 in Unarmed Combat
  5342 | D:8      | Reached XP level 7. HP: 17/52 MP: 11/15
  5692 | D:7      | HP: 2/52 [poisoned by a water moccasin]
  5692 | D:7      | Slain by a water moccasin

Illustrated notes

Levels and vault maps discovered:
D:1:      lemuel_arrival_funnel, layout_loops_ring, basic_ecumenical_altar,
          minmay_misc_feat_columns
D:2:      layout_basic
D:3:      layout_loops_ring, overflow_temple_1_default, serial_bayou_lake_a,
          uniq_ijyb
D:4:      layout_basic, temple_statues
D:5:      layout_basic, tso_altar, amcnicky_altar_gilded,
          uniq_crazy_yiuf_cottage
D:7:      layout_rooms, serial_glass, glass_columns_a, glass_columns_c
D:8:      layout_basic, chequers_serial_rivers_small_3,
          kennysheep_generic_room_5
Temple:   nicolae_temple_elliptical

Skill      XL: |  1  2  3  4  5  6 |
---------------+-------------------+-----
Spellcasting   | 5 |  5.5
Invocations    | 1 2 |  2.5
Short Blades   | 1 2 |  2.3
Long Blades    | 1 2 |  2.3
Axes           | 1 2 |  2.3
Maces & Flails | 1 2 |  2.3
Polearms       | 1 2 |  2.3
Staves         | 1 2 |  2.3
Slings         | 1 2 |  2.3
Bows           | 1 2 |  2.3
Crossbows      | 1 2 |  2.3
Throwing       | 1 2 |  2.3
Armour         | 1 2 |  2.3
Stealth        | 1 2 |  2.3
Shields        | 1 2 |  2.3
Evocations     | 1 2 |  2.3
Conjurations   | 1 |  1.9
Hexes          | 1 |  1.9
Summonings     | 1 |  1.9
Necromancy     | 1 |  1.9
Translocations | 1 |  1.9
Fire Magic     | 1 |  1.9
Ice Magic      | 1 |  1.9
Air Magic      | 1 |  1.9
Earth Magic    | 1 |  1.9
Poison Magic   | 1 |  1.9
Fighting       | 3 |  3.5
Transmutations | 4 |  4.2
Dodging        | 5 |  5.1
Unarmed Combat | 7 |  7.0

Action                   |  1- 3 |  4- 6 |  7- 9 || total
-------------------------+-------+-------+-------++-------
Melee: Unarmed           |    89 |   142 |    21 ||   252
       Kick              |    19 |    23 |     4 ||    46
       Bite              |     8 |    10 |     3 ||    21
       Headbutt          |     5 |    20 |     1 ||    26
       Punch             |     2 |     2 |       ||     4
 Cast: Beastly Appendage |    28 |    20 |     1 ||    49
       Wereblood         |     1 |     3 |       ||     4
Invok: Heroism           |       |     1 |       ||     1
Armor: Ring mail         |     7 |    49 |     6 ||    62
       Robe              |     4 |       |       ||     4
Dodge: Dodged            |    46 |    99 |    11 ||   156

Table legend: (Time is in decaauts)
 A = Elapsed time spent in this place.
 B = Non-inter-level travel time spent in this place.
 C = Inter-level travel time spent in this place.
 D = Time resting spent in this place.
 E = Time spent auto-exploring this place.
 F = Levels seen in this place.
 G = Mean time per level.
                   A        B        C        D        E       F      G
               +--------+--------+--------+--------+--------+-----+--------+
         Total |   5686 |   5508 |    178 |   1332 |   3513 |   8 |  710.8 |
       Dungeon |   5523 |   5371 |    152 |   1332 |   3382 |   7 |  789.0 |
        Temple |    162 |    136 |     26 |      0 |    131 |   1 |  162.0 |
               +--------+--------+--------+--------+--------+-----+--------+

Top non-repeatable levels by time:
     D:3: 1392 daAuts
     D:1: 1268 daAuts
     D:5: 969 daAuts
     D:4: 756 daAuts
     D:2: 751 daAuts
     D:8: 346 daAuts
  Temple: 162 daAuts
     D:7: 39 daAuts
